 Dungeon Sprint DCSS version 0.29.1-12-g30fa7ad0bf (webtiles) character file.

Game seed: 7749501838969742624

21053 sanboga the Brawler (level 12, -5/110 HPs)
             Began as a Demonspawn Berserker on Jan 15, 2023.
             Was the Champion of Trog.
             Succumbed to a green very ugly thing's poison
             ... in the Dungeon (Sprint IX: "|||||||||||||||||||||||||||||").
             The game lasted 00:06:43 (3679 turns).

sanboga the Brawler (Demonspawn Berserker)          Turns: 3679, Time: 00:06:43

Health: -5/110     AC: 21    Str: 22    XL:     12   Next: 50%
Magic:  22/22      EV: 17    Int: 21    God:    Trog [******]
Gold:   597        SH:  0    Dex: 12    Spells: 11/11 levels left

rFire   . . .      SeeInvis .     - Unarmed
rCold   + + +      Faith    .   (no shield)
rNeg    . . .      Spirit   .   j - +1 ice dragon scales
rPois   .          Reflect  .   q - +3 hat of Pondering {ponderous, Will+ MP+10 Int+5}
rElec   .          Harm     .   v - +1 cloak
rCorr   .          Rampage  .   (no gloves)
Will    +....      NoTele   +   (no boots)
Stlth   ..........              (no amulet)
HPRegen 0.28/turn               l - +2 ring of evasion
MPRegen 0.18/turn               b - ring of Impatience {rF+ rC+ Int+6}

@: lethally poisoned (-5 -> -71), on berserk cooldown, slowed, very slow
A: claws 1, foul stench 2, powered by pain 2
a: Renounce Religion, Berserk, Trog's Hand, Brothers in Arms


You were in the Dungeon.
You worshipped Trog.
Trog was exalted by your worship.
You visited 1 branch You collected 1338 gold pieces.
You spent 741 gold pieces at shops.

Inventory:

Armour
 j - +1 ice dragon scales (worn)
 q - the +3 hat of Pondering (worn) {ponderous, Will+ MP+10 Int+5}
   (You took it off Gastronok in the Dungeon)

   Int:       It affects your intelligence (+5).
   MP:        It affects your magic capacity (+10).
   Will:      It increases your willpower.
 v - a +1 cloak (worn)
Jewellery
 b - the ring of Impatience (right claw) {rF+ rC+ Int+6}
   (You bought it in a shop in the Dungeon)

   [ring of intelligence]

   Int:       It affects your intelligence (+6).
   rF:        It protects you from fire.
   rC:        It protects you from cold.
 d - a ring of ice
 l - a +2 ring of evasion (left claw)
 s - a ring of protection from cold
 t - a ring of fire
 u - a ring of poison resistance
Wands
 a - a wand of charming (9)
 i - a wand of acid (7)
Scrolls
 g - 3 scrolls of blinking
 k - 2 scrolls of fear
 o - 4 scrolls of enchant armour
 p - a scroll of identify
Potions
 c - 11 potions of heal wounds
 e - 4 potions of magic
 f - a potion of berserk rage
 h - 3 potions of curing
 m - 2 potions of mutation
 n - a potion of might
 r - a potion of lignification {unknown}


   Skills:
 + Level 15.2 Fighting
 + Level 13.9 Armour
 + Level 13.9 Dodging
 * Level 19.2 Unarmed Combat


You had 11 spell levels left.
You didn't know any spells.
Your spell library was empty.

Dungeon Overview and Level Annotations

Branches:
Dungeon (1/1)

Altars:
Cheibriados
Dithmenos
Fedhas
Gozag
Hepliaklqana
Kikubaaqudgha
Makhleb
Nemelex Xobeh
Okawaru
Qazlal
Ru
Sif Muna
Trog
Uskayaw
Vehumet
Wu Jian
Xom
Yredelemnul
Jiyva
Lugonu

Shops:
D !=*[


Innate Abilities, Weirdness & Mutations

You have sharp fingernails.
You sometimes emit foul miasma when damaged in melee.
You sometimes gain power by taking damage.


Message History

The deep elf pyromancer is moderately wounded.
You are covered in liquid flames!
* * * LOW HITPOINT WARNING * * *
Cornered, the deep troll earth mage turns to fight!
The deep elf pyromancer casts a spell at you.
The sticky flame misses you.
You scratch the deep elf pyromancer.
The deep elf pyromancer is heavily wounded.
The ettin begs for mercy.
Cornered, the ettin turns to fight!
The deep elf pyromancer hits you but does no damage.
You barely miss the deep elf pyromancer.
The deep elf pyromancer is heavily wounded.
Cornered, the deep troll earth mage turns to fight!
The deep elf pyromancer hits you but does no damage.
You mangle the deep elf pyromancer!!
The deep elf pyromancer is almost dead.
You closely miss the green very ugly thing.
You scratch the green very ugly thing but do no damage.
You claw the green very ugly thing!
The green very ugly thing is lightly wounded.
The green very ugly thing barely misses you.
The deep troll earth mage points next to you and mumbles some strange words.
The wall shatters!
The blast of rock fragments hits you.
* * * LOW HITPOINT WARNING * * *
The deep elf pyromancer gestures wildly while chanting.
You mangle the green very ugly thing!!
You claw the green very ugly thing, but do no damage.
The green very ugly thing is heavily wounded.
The green very ugly thing tail-slaps you but does no damage.
You scratch the green very ugly thing.
Your claw misses the green very ugly thing.
The green very ugly thing is heavily wounded.
The green very ugly thing tail-slaps you!
* * * LOW HITPOINT WARNING * * *
You are lethally poisoned!
The green very ugly thing poisons you!
You claw the green very ugly thing!
The green very ugly thing is severely wounded.
You die...

.....)'........)'.)......()..'..[
▓▓▓▓▓▓▓▓▓▓▓▓▓▓▓▓▓▓▓▓▓▓▓▓▓▓▓▓▓▓▓▓▓
...............)...............).
▓▓▓▓▓▓▓▓▓▓▓▓▓▓▓▓▓▓▓▓▓▓▓▓▓▓▓▓▓▓▓▓▓
..)).))))))....)).)))∩)∩.∩.∩.....
▓▓▓▓▓▓▓▓▓▓▓▓▓▓▓▓▓▓▓▓▓▓▓▓▓▓▓▓▓▓▓▓▓
....................)............
▓▓▓▓▓▓▓▓▓▓▓▓▓▓▓▓▓▓▓▓▓▓▓▓▓▓▓▓▓▓▓▓▓
[[[[[[[.........@uecTCTC..TCTCu
▓▓▓▓▓▓▓▓▓▓▓▓▓▓▓▓▓▓▓▓▓▓▓▓▓▓▓▓▓▓▓


You could see a green very ugly thing, a stone giant, an ettin, a centaur
warrior, 2 deep troll earth magi and a deep elf pyromancer.

Vanquished Creatures
  Gastronok (D)
  A very ugly thing (D)
  An ettin (D)
  Josephine (D)
  Erolcha (D)
  A hydra (D)
  A centaur warrior (D)
  7 orc high priests (D)
  A skeletal warrior (D)
  2 lindwurms (D)
  2 orc knights (D)
  A deep elf pyromancer (D)
  An orc sorcerer (D)
  2 ugly things (D)
  2 cyclopes (D)
  3 black mambas (D)
  Joseph (D)
  3 cane toads (D)
  An unseen horror (D)
  A troll (D)
  3 tyrant leeches (D)
  A blink frog (D)
  A dream sheep (D)
  5 yaks (D)
  4 wraiths (D)
  2 basilisks (D)
  A wyvern (D)
  A vampire mosquito (D)
  An acid dragon (D)
  3 water moccasins (D)
  12 orc warriors (D)
  A kobold brigand (D)
  A scorpion (D)
  A bullfrog (D)
  A necrophage (D)
  A killer bee (D)
  A howler monkey (D)
  A hound (D)
  12 orc priests (D)
  An orc wizard (D)
  A gnoll (D)
  3 worms (D)
  3 orcs (D)
  2 endoplasms (D)
  A giant cockroach (D)
  A quokka (D)
  A ball python (D)
  A kobold (D)
101 creatures vanquished.

Notes
Turn   | Place    | Note
-------+----------+-------------------------------------------
     0 | D        | sanboga the Demonspawn Berserker began the quest for the
                  | Orb.
     0 | D        | Reached XP level 1. HP: 18/18 MP: 1/1
    12 | D        | Reached skill level 3 in Unarmed Combat
    20 | D        | Reached ** piety under Trog
   138 | D        | Noticed a hound
   138 | D        | Noticed a necrophage
   138 | D        | Noticed a scorpion
   146 | D        | Killed a hound
   147 | D        | Reached skill level 4 in Unarmed Combat
   147 | D        | Gained mutation: You may rarely emit foul miasma when
                  | damaged in melee. [demonic ancestry]
   147 | D        | Reached XP level 2. HP: 25/25 MP: 2/2
   147 | D        | Reached XP level 3. HP: 30/30 MP: 3/3
   151 | D        | Killed a necrophage
   151 | D        | Reached *** piety under Trog
   152 | D        | Reached skill level 5 in Unarmed Combat
   152 | D        | Reached XP level 4. HP: 23/38 MP: 4/4
   155 | D        | Killed a scorpion
   156 | D        | Reached skill level 5 in Fighting
   156 | D        | Reached skill level 6 in Unarmed Combat
   156 | D        | Gained mutation: You have sharp fingernails. [demonic
                  | ancestry]
   156 | D        | Reached XP level 5. HP: 12/44 MP: 5/5
   365 | D        | Found a snail-covered altar of Cheibriados.
   365 | D        | Found a shadowy altar of Dithmenos.
   365 | D        | Found a blossoming altar of Fedhas.
   365 | D        | Found an opulent altar of Gozag.
   366 | D        | Found a hazy altar of Hepliaklqana.
   367 | D        | Found a viscous altar of Jiyva.
   368 | D        | Found an ancient bone altar of Kikubaaqudgha.
   369 | D        | Found a corrupted altar of Lugonu.
   370 | D        | Found a burning altar of Makhleb.
   371 | D        | Found a sparkling altar of Nemelex Xobeh.
   372 | D        | Found an iron altar of Okawaru.
   373 | D        | Found a stormy altar of Qazlal.
   374 | D        | Found a sacrificial altar of Ru.
   375 | D        | Found a shimmering blue altar of Sif Muna.
   376 | D        | Found a bloodstained altar of Trog.
   377 | D        | Found a hide-covered altar of Uskayaw.
   378 | D        | Found a radiant altar of Vehumet.
   379 | D        | Found an ornate altar of the Wu Jian Council.
   380 | D        | Found a shimmering altar of Xom.
   381 | D        | Found a basalt altar of Yredelemnul.
   529 | D        | Noticed a yak
   529 | D        | Noticed a yak
   529 | D        | Noticed a yak
   537 | D        | Killed a yak
   537 | D        | Reached **** piety under Trog
   538 | D        | Reached skill level 5 in Armour
   538 | D        | Reached skill level 5 in Dodging
   538 | D        | Reached skill level 8 in Unarmed Combat
   538 | D        | Reached XP level 6. HP: 43/53 MP: 6/6
   678 | D        | Killed a yak
   682 | D        | Killed an unseen horror
   683 | D        | Reached skill level 9 in Unarmed Combat
   683 | D        | Reached XP level 7. HP: 61/61 MP: 7/7
   685 | D        | Killed a yak
   686 | D        | Reached skill level 10 in Unarmed Combat
   690 | D        | Reached ***** piety under Trog
   822 | D        | Noticed a troll
   822 | D        | Noticed a cyclops
   822 | D        | Noticed a centaur warrior
   822 | D        | Noticed a vampire mosquito
   828 | D        | Killed a troll
   829 | D        | Gained mutation: You sometimes gain a little power by
                  | taking damage. [demonic ancestry]
   829 | D        | Reached XP level 8. HP: 69/69 MP: 8/8
   835 | D        | Killed a cyclops
   836 | D        | Reached skill level 11 in Unarmed Combat
   844 | D        | Killed a centaur warrior
   845 | D        | Reached skill level 10 in Fighting
   845 | D        | Reached skill level 12 in Unarmed Combat
   845 | D        | Reached XP level 9. HP: 40/78 MP: 9/9
  1225 | D        | Noticed a black mamba
  1231 | D        | Killed a black mamba
  1231 | D        | Received a gift from Trog
  1232 | D        | Reached skill level 13 in Unarmed Combat
  1234 | D        | Noticed a cane toad
  1236 | D        | Noticed a four-headed hydra
  1256 | D        | Killed a four-headed hydra
  1257 | D        | Reached skill level 10 in Armour
  1257 | D        | Reached skill level 10 in Dodging
  1257 | D        | Reached XP level 10. HP: 87/87 MP: 10/10
  1266 | D        | Killed a cane toad
  1267 | D        | Reached skill level 14 in Unarmed Combat
  1267 | D        | Reached ****** piety under Trog
  1436 | D        | Noticed a cane toad
  1436 | D        | Noticed a cane toad
  1439 | D        | Noticed a black mamba
  1441 | D        | Killed a cane toad
  1441 | D        | Received a gift from Trog
  1442 | D        | Noticed a black mamba
  1451 | D        | Killed a cane toad
  1466 | D        | Killed a black mamba
  1475 | D        | Killed a black mamba
  1476 | D        | Reached skill level 15 in Unarmed Combat
  1786 | D        | Noticed a lindwurm
  1798 | D        | Received a gift from Trog
  1800 | D        | Noticed a lindwurm
  1807 | D        | Killed a lindwurm
  2222 | D        | Killed a lindwurm
  2222 | D        | Received a gift from Trog
  2223 | D        | Gained mutation: You sometimes gain power by taking damage.
                  | [demonic ancestry]
  2223 | D        | Reached XP level 11. HP: 72/96 MP: 11/11
  2445 | D        | Noticed Josephine
  2456 | D        | Killed Josephine
  2457 | D        | Reached skill level 16 in Unarmed Combat
  2538 | D        | Noticed Gastronok
  2551 | D        | Killed Gastronok
  2551 | D        | Received a gift from Trog
  2623 | D        | Noticed Erolcha
  2629 | D        | Killed Erolcha
  2716 | D        | Noticed an ettin
  2725 | D        | Received a gift from Trog
  2729 | D        | Killed an ettin
  2730 | D        | Reached skill level 17 in Unarmed Combat
  2744 | D        | HP: 3/98 [orc priest/divine providence (8)]
  2753 | D        | Received a gift from Trog
  3031 | D        | Noticed an orc sorcerer
  3037 | D        | Noticed an orc knight
  3045 | D        | Killed an orc sorcerer
  3045 | D        | Received a gift from Trog
  3053 | D        | Killed an orc knight
  3071 | D        | Received a gift from Trog
  3131 | D        | Found Plog's Distillery.
  3131 | D        | Noticed an orc high priest
  3131 | D        | Noticed an orc high priest
  3131 | D        | Noticed an orc high priest
  3131 | D        | Noticed an orc high priest
  3140 | D        | Killed an orc high priest
  3142 | D        | Noticed an orc high priest
  3145 | D        | Killed an orc high priest
  3146 | D        | Found Dutufrat's Jewellery Shoppe.
  3151 | D        | Noticed a soul eater
  3153 | D        | Killed an orc high priest
  3154 | D        | Found Inedwoum's General Store.
  3156 | D        | Noticed an orc high priest
  3162 | D        | Killed an orc high priest
  3163 | D        | Reached skill level 18 in Unarmed Combat
  3163 | D        | Gained mutation: You sometimes emit foul miasma when
                  | damaged in melee. [demonic ancestry]
  3163 | D        | Reached XP level 12. HP: 74/108 MP: 12/12
  3170 | D        | Killed an orc high priest
  3171 | D        | Found Angeod's Antique Armour Shoppe.
  3183 | D        | Killed an orc high priest
  3186 | D        | Received a gift from Trog
  3187 | D        | Noticed an orc high priest
  3203 | D        | Killed an orc high priest
  3214 | D        | Bought the ring of Impatience {rF+ rC+ Int+6} for 741 gold
                  | pieces
  3478 | D        | Noticed Joseph
  3487 | D        | Killed Joseph
  3565 | D        | Found the +10 tower shield of Ignorance {rN+ Int-4}
  3625 | D        | Noticed a cyan very ugly thing
  3636 | D        | Received a gift from Trog
  3637 | D        | Noticed a centaur warrior
  3643 | D        | Reached skill level 15 in Fighting
  3643 | D        | Noticed a deep troll earth mage
  3657 | D        | Killed a cyan very ugly thing
  3658 | D        | Reached skill level 19 in Unarmed Combat
  3658 | D        | Noticed a green very ugly thing
  3660 | D        | Noticed an ettin
  3661 | D        | Noticed a deep troll earth mage
  3664 | D        | Noticed a stone giant
  3664 | D        | Noticed a cyan very ugly thing
  3679 | D        | Succumbed to a green very ugly thing's poison

Illustrated notes

Levels and vault maps discovered:
D:        linesprint [early_d, line_temple, items_1, d_10, items_2, lair_1,
          lair_end, items_3, orc_1, orc_end, items_4, d_15, swamp_1, shoals_1,
          snake_1, spider_1, d_20, vaults_1, items_5, swamp_end, shoals_end,
          snake_end, spider_end, vaults_end, d_27, items_6, zot_1, zot_end,
          crypt_end, forest_end, elf_end, slime_end, tomb_end, abyss_end,
          pan_hell_end]

Skill      XL: |  1  2  3  4  5  6  7  8  9 10 11 12 |
---------------+-------------------------------------+-----
Armour         | 3 4 5 6 7 8 10 11 13 | 13.9
Dodging        | 3 4 5 6 7 8 10 11 13 | 13.9
Unarmed Combat | 4 5 6 8 9 10 12 13 15 18 19 | 19.2
Fighting       | 4 5 6 7 8 10 11 12 14 15 | 15.2

Action                   |  1- 3 |  4- 6 |  7- 9 | 10-12 || total
-------------------------+-------+-------+-------+-------++-------
Melee: Unarmed           |    31 |    26 |    59 |   309 ||   425
       Punch             |     1 |     1 |     4 |    33 ||    39
Invok: Berserk           |     1 |     2 |     2 |    10 ||    15
Evoke: Wand              |       |       |       |     3 ||     3
  Use: Potion            |       |     1 |       |     6 ||     7
       Scroll            |       |       |       |     3 ||     3
 Stab: Invisible         |       |       |       |     2 ||     2
Armor: Animal skin       |     6 |       |       |       ||     6
       Ring mail         |       |     4 |     7 |       ||    11
       Scale mail        |       |       |     1 |    45 ||    46
       Ice dragon scales |       |       |       |    11 ||    11
Dodge: Dodged            |    11 |     7 |    32 |   134 ||   184
